 Dungeon Crawl Stone Soup version 0.22-a0-617-g6d95e9e (webtiles) character file.

1071 torrenera the Carver (level 8, -1/58 HPs)
             Began as a Demonspawn Fighter on July 12, 2018.
             Slain by an ogre
             ... wielding a +0 giant spiked club
              (11 damage)
             ... on level 5 of the Dungeon.
             The game lasted 00:08:55 (4224 turns).

torrenera the Carver (Demonspawn Fighter)           Turns: 4224, Time: 00:08:55

Health: -1/58      AC: 13    Str: 18    XL:     8   Next: 7%
Magic:  0/8        EV:  2    Int:  9    God:
Gold:   239        SH:  9    Dex: 18    Spells: 7/7 levels left

rFire    + + .     SeeInvis +   B - +10 dagger of Fortitude {elec, rPois rF+ SInv}
rCold    . . .     Gourm    .   c - +0 shield
rNeg     . . .     Faith    .   n - +0 plate armour
rPois    +         Spirit   +   (helmet restricted)
rElec    .         Reflect  .   (no cloak)
rCorr    .         Harm     .   l - +0 pair of gloves
MR       .....                  m - +0 pair of boots {Stlth+}
Stlth    ..........             (no amulet)
HPRegen  0.19/turn              (no ring)
MPRegen  0.11/turn              (no ring)

@: no status effects
A: antennae 1, thin skeletal structure 2, fire resistance 1, magic shield, flame
cloud immunity
a: no special abilities


You were on level 5 of the Dungeon.
You were not hungry.

You visited 1 branch of the dungeon, and saw 5 of its levels.

You collected 239 gold pieces.

Inventory:

Hand Weapons
 a - a +1 long sword
 z - a +2 whip of flaming
 B - the +10 dagger of Fortitude (weapon) {elec, rPois rF+ SInv}
   (You found it on level 5 of the Dungeon)

   Occasionally, upon striking a foe, it will discharge some electrical energy
   and cause terrible harm.
   It protects you from fire.
   It protects you from poison.
   It lets you see invisible.
Missiles
 q - 48 stones (quivered)
Armour
 c - a +0 shield (worn)
 l - a +0 pair of gloves (worn)
 m - a +0 pair of boots of stealth (worn)
 n - a +0 plate armour (worn)
Wands
 w - a wand of iceblast (8)
Scrolls
 e - 2 scrolls of blinking {unknown}
 h - a scroll of teleportation {unknown}
 i - 2 scrolls of magic mapping {unknown}
 j - a scroll of fog {unknown}
 k - a scroll of remove curse
 p - 3 scrolls of enchant weapon
 s - 2 scrolls of identify
 u - a scroll of fear {unknown}
 v - a scroll of random uselessness {unknown}
 y - a scroll of brand weapon {unknown}
Potions
 b - a potion of agility
 d - 3 potions of cancellation
 g - 2 potions of might
 o - a potion of flight
 r - 4 potions of curing
 t - a potion of mutation
 A - 2 potions of degeneration
 C - a potion of brilliance {unknown}
Comestibles
 f - 6 rations
 x - 14 chunks of flesh


   Skills:
 - Level 3.0 Fighting
 + Level 8.9 Long Blades
 - Level 2.6 Armour
 - Level 2.6 Shields


You had 7 spell levels left.
You didn't know any spells.
Your spell library was empty.

Dungeon Overview and Level Annotations

Branches:
Dungeon (5/15)
 Temple: D:4-7

Altars:
Gozag
Nemelex Xobeh
Qazlal
Trog
Wu Jian
Xom
Yredelemnul


Innate Abilities, Weirdness & Mutations

You have a pair of small antennae on your head.
You have a moderately thin skeletal structure. (Dex +4, Stealth+)
Your flesh is heat resistant. (rF+)
When hurt, damage is shared between your health and your magic reserves.
You are immune to clouds of flame.


Message History

You closely miss the ogre. The ogre hits you but does no damage.
Your plate armour prevents you from hitting the ogre.
You puncture the ogre!
The ogre is heavily wounded.
The ogre hits you with a giant spiked club!
Your plate armour prevents you from hitting the ogre.
The ogre is heavily wounded.
The ogre hits you with a giant spiked club!!
You hit the ogre.
The ogre is severely wounded.
You puncture the ogre!
The ogre is almost dead.
The ogre hits you with a giant spiked club!
* * * LOW HITPOINT WARNING * * *
Your shield and plate armour prevent you from hitting the ogre.
The ogre is almost dead.
Your shield and plate armour prevent you from hitting the ogre.
The ogre is almost dead.
The ogre hits you with a giant spiked club!
You die...

#.## ##... ######
##..#### #..#
#.....####......#####..#
#.........#####....<...#
.......... ###.....##
....... ### ##....##
#....# ...# ##....#
#....#..# ###...
#...@O.# ##.. ##..###..#
##. #.## .# #. #.# ####
##. #.## ##..# #(. ##..#
#...# ##.# #...# ##...##
###.##
#...###.....####..##
##............>....#


You could see an ogre.

Vanquished Creatures
  Pikel (D:5)
  A phantom (D:5)
  A slave (D:5)
  An ogre (D:5)
  A centaur (D:5)
  A howler monkey (D:4)
  3 hounds
  A bullfrog skeleton (D:4)
  Terence (D:2)
  An orc wizard (D:3)
  A worker ant (D:5)
  A hound skeleton (D:4)
  3 adders
  2 oozes
  3 worms
  A dart slug (D:1)
  A leopard gecko (D:4)
  12 orcs
  5 giant cockroaches
  5 goblins
  3 hobgoblins
  4 jackals (D:4)
  4 quokkas
  8 bats
  6 frilled lizards
  7 kobolds
  9 rats
87 creatures vanquished.

Notes
Turn   | Place    | Note
-------+----------+-------------------------------------------
     0 | D:1      | torrenera the Demonspawn Fighter began the quest for the Orb.
     0 | D:1      | Reached XP level 1. HP: 18/18 MP: 1/1
    19 | D:1      | Reached skill level 2 in Long Blades
   188 | D:1      | Gained mutation: You have a somewhat thin skeletal structure. (Dex +2, Stealth) [demonic ancestry]
   188 | D:1      | Reached XP level 2. HP: 24/24 MP: 2/2
   559 | D:2      | Reached skill level 3 in Long Blades
   596 | D:2      | Gained mutation: Your flesh is heat resistant. (rF+) [demonic ancestry]
   596 | D:2      | Reached XP level 3. HP: 21/29 MP: 3/3
   821 | D:2      | Noticed Terence
   841 | D:2      | Killed Terence
   841 | D:2      | Gained mutation: When hurt, damage is shared between your health and your magic reserves. [demonic ancestry]
   841 | D:2      | Reached XP level 4. HP: 18/35 MP: 4/4
   842 | D:2      | Reached skill level 4 in Long Blades
  1115 | D:2      | Found a sparkling altar of Nemelex Xobeh.
  1741 | D:3      | Found a basalt altar of Yredelemnul.
  1744 | D:3      | Found an ornate altar of the Wu Jian Council.
  1822 | D:3      | Found a shimmering altar of Xom.
  2366 | D:3      | Gained mutation: You have a moderately thin skeletal structure. (Dex +4, Stealth+) [demonic ancestry]
  2366 | D:3      | Reached XP level 5. HP: 11/41 MP: 3/5
  2529 | D:3      | Found a stormy altar of Qazlal.
  2732 | D:4      | Reached skill level 5 in Long Blades
  2834 | D:4      | Found a bloodstained altar of Trog.
  3194 | D:4      | Reached XP level 6. HP: 44/47 MP: 6/6
  3476 | D:5      | Entered Level 5 of the Dungeon
  3582 | D:5      | Reached skill level 6 in Long Blades
  3711 | D:5      | Noticed a slave
  3758 | D:5      | Killed a slave
  3867 | D:5      | Reached skill level 7 in Long Blades
  3867 | D:5      | Gained mutation: You have a pair of small antennae on your head. [demonic ancestry]
  3867 | D:5      | Reached XP level 7. HP: 40/52 MP: 5/7
  3903 | D:5      | Noticed Pikel
  3941 | D:5      | Killed Pikel
  3941 | D:5      | Reached skill level 8 in Long Blades
  3998 | D:5      | Found an opulent altar of Gozag.
  4107 | D:5      | Gained mutation: You are immune to clouds of flame. [demonic ancestry]
  4107 | D:5      | Reached XP level 8. HP: 44/58 MP: 5/8
  4116 | D:5      | Got a crude dagger
  4117 | D:5      | Identified the +10 dagger of Fortitude {elec, rPois rF+ SInv} (You found it on level 5 of the Dungeon)
  4224 | D:5      | Slain by an ogre

Vault maps used:
D:1:      onia_arrival_larder
D:2:      first_ration, nemelex_diamond_rough_becter, uniq_terence
D:3:      nicolae_qazlal_eye_of_the_storm, grunt_temple_overflow_open,
          kennysheep_flooded_box
D:4:      old_standard_altar
D:5:      nicolae_gozag_cash_rules_everything_around_me, marbit_many_paths,
          uniq_pikel

Skill      XL: |  1  2  3  4  5  6  7 |
---------------+----------------------+-----
Long Blades    | 2 3 4 5 7 8 |  8.9
Fighting       | |  3.0
Armour         | |  2.6
Shields        | |  2.6

Action                   |  1- 3 |  4- 6 |  7- 9 || total
-------------------------+-------+-------+-------++-------
Melee: Long sword        |   100 |   292 |    31 ||   423
       Dagger            |       |       |    18 ||    18
Throw: Stone             |       |    18 |     1 ||    19
  Use: Potion            |       |     6 |       ||     6
       Scroll            |       |       |     6 ||     6
  Eat: Chunk             |       |     9 |     2 ||    11
Armor: Scale mail        |    17 |       |       ||    17
       Plate armour      |    72 |   228 |    24 ||   324
       Skin              |       |    18 |       ||    18
Dodge: Dodged            |    11 |    34 |     4 ||    49
Block: Shield            |    53 |   159 |    14 ||   226
       Rpst.: Long sword |     1 |    10 |       ||    11

Table legend:
 A = Spawn XP
 B = Non-spawn XP
 C = Spawn XP percentage of total XP
 D = Spawn monster count
 E = Non-spawn monster count
 F = Spawn count percentage of total count
 G = Total turns spent on level
                    A         B        C        D         E        F      G
               +---------+---------+-------+---------+---------+-------+---------
         Total |       0 |    1530 |   0.0 |       0 |      86 |   0.0 |  4224
               +---------+---------+-------+---------+---------+-------+---------
           D:1 |       0 |      28 |   0.0 |       0 |      17 |   0.0 |   552
           D:2 |       0 |     105 |   0.0 |       0 |      24 |   0.0 |  1096
           D:3 |       0 |      69 |   0.0 |       0 |      18 |   0.0 |  1041
           D:4 |       0 |     198 |   0.0 |       0 |      15 |   0.0 |   787
           D:5 |       0 |    1130 |   0.0 |       0 |      12 |   0.0 |   748
               +---------+---------+-------+---------+---------+-------+---------
